 Dungeon Crawl Stone Soup version 0.26.1-11-gd32895ea62 (console) character file.

Game seed: 16624245693205541069

1314 erker the Vexing (level 8, -10/46 HPs)
             Began as a Vampire Enchanter on June 16, 2021.
             Was an Initiate of Dithmenos.
             Mangled by a gnoll
             ... wielding a +0 halberd
              (14 damage)
             ... on level 6 of the Dungeon.
             The game lasted 00:34:14 (7512 turns).

erker the Vexing (Vampire Enchanter)                Turns: 7512, Time: 00:34:15

Health: -10/46     AC:  0    Str:  5 (7)  XL:     8   Next: 32%
Magic:  10/12      EV: 10    Int: 17 (19) God:    Dithmenos [......]
Gold:   263        SH:  0    Dex: 18 (20) Spells: 7/13 levels left

rFire    . . .     SeeInvis +   (weapon currently unavailable)
rCold    + + .     Faith    .   (shield currently unavailable)
rNeg     + + +     Spirit   .   (armour currently unavailable)
rPois    ∞         Reflect  .   (helmet currently unavailable)
rElec    .         Harm     .   (cloak currently unavailable)
rCorr    .         Rampage  .   (gloves currently unavailable)
Will     .....                  (boots currently unavailable)
Stlth    +++++.....             (no amulet)
HPRegen  0.00/turn              (ring currently unavailable)
MPRegen  0.13/turn              (ring currently unavailable)

@: bat-form, flying, held, bloodless, very quick
A: tiny, fangs 3, see invisible
a: Revivify, Stop Flying, End Transformation, Renounce Religion


You were on level 6 of the Dungeon.
You worshipped Dithmenos.
Dithmenos was noncommittal.
You were in vampire-bat-form.
You visited 2 branches of the dungeon, and saw 7 of its levels.

You collected 263 gold pieces.

Inventory:

Hand Weapons
 a - a +1 dagger of venom (melded)
 u - a +0 dagger of speed
 A - a +0 war axe of freezing
Missiles
 i - 215 stones
 l - 78 arrows
 t - 11 javelins
Armour
 b - a +0 robe (melded)
 e - a +0 pair of gloves (melded)
 r - a +0 cloak (melded)
Scrolls
 f - 3 scrolls of identify {unknown}
 g - 2 scrolls of remove curse
 j - 2 scrolls of fog {unknown}
 n - 2 scrolls of teleportation {unknown}
 q - a scroll of amnesia {unknown}
 y - 2 scrolls of fear {unknown}
 z - 3 scrolls of enchant armour {unknown}
Potions
 c - 2 potions of haste {unknown}
 d - 4 potions of curing
 h - 2 potions of magic {unknown}
 k - 2 potions of resistance {unknown}
 m - 2 potions of degeneration {unknown}
 o - a potion of heal wounds {unknown}
 s - a potion of might {unknown}
 v - a potion of flight {unknown}
 w - 2 potions of ambrosia {unknown}
 x - 2 potions of lignification {unknown}


   Skills:
 - Level 3.0 Fighting
 - Level 6.0 Short Blades
 + Level 2.5 Dodging
 - Level 6.0 Stealth
 - Level 3.0 Spellcasting
 - Level 6.0 Hexes
 - Level 6.0 Ice Magic


You had 7 spell levels left.
You knew the following spells:

 Your Spells              Type           Power        Failure   Level
a - Corona                Hex            24%          1%          1
c - Confusing Touch       Hex            22%          4%          3
z - Ensorcelled Hibernat  Hex/Ice        44%          2%          2

Your spell library contained the following spells:

 Spells                   Type           Power        Failure   Level
 Slow                     Hex            22%          2%          2
 Tukima's Dance           Hex            22%          4%          3
 Cause Fear               Hex            11%          14%         4
 Dazzling Flash           Conj/Hex       24%          16%         3
 Inner Flame              Hex/Fire       12%          16%         3
 Portal Projectile        Hex/Tloc       24%          16%         3
 Animate Skeleton         Necr           4%           17%         1
 Pain                     Necr           8%           17%         1
 Metabolic Englaciation   Hex/Ice        11%          38%         5
 Gell's Gravitas          Tloc           1%           45%         3
 Vampiric Draining        Necr           1%           45%         3
 Leda's Liquefaction      Hex/Erth       6%           45%         4
 Yara's Violent Unravell  Hex/Tmut       6%           80%         5
 Animate Dead             Necr           1%           86%         4
 Petrify                  Tmut/Erth      2%           86%         4
 Agony                    Necr           2%           99%         5


Dungeon Overview and Level Annotations

Branches:
Dungeon (6/15)             Temple (1/1) D:5

Altars:
Ashenzari
Dithmenos
Elyvilon
Fedhas
Gozag
Kikubaaqudgha
Makhleb
Okawaru
Qazlal
Ru
Sif Muna
Trog
Uskayaw
Vehumet
Wu Jian
Xom
Yredelemnul
The Shining One


Innate Abilities, Weirdness & Mutations

You do not regenerate when monsters are visible.
You are frail without blood (-20% HP).
You can heal yourself when you bite living creatures.
You are immune to poison.
You have razor-sharp teeth.
You have supernaturally acute eyesight. (SInv)
((You can survive without breathing.))


Message History

You struggle against the net.
The gnoll barely misses you. The gnoll hits you with a +0 whip.
The gnoll hits you from afar with a +0 halberd.
You struggle against the net.
The gnoll hits you with a +0 club.
* * * LOW HITPOINT WARNING * * *
The gnoll hits you with a +0 whip!
* * * LOW HITPOINT WARNING * * *
It was a potion of curing.
You feel better. The gnoll closely misses you. The gnoll barely misses you. x2
You turn into a vampire bat.
Your +1 dagger of venom melds into your body.
Your +0 cloak melds into your body.
Your +0 pair of gloves melds into your body.
Your +0 robe melds into your body.
Your +1 dagger of venom stops dripping with poison.
You feel weakened.
You feel dopey.
You feel clumsy. The gnoll hits you with a +0 whip.
* * * LOW HITPOINT WARNING * * *
The gnoll hits you from afar with a +0 halberd!
You die...

...## #...#######
#.......○.○ .### ##.##
###.#...☼.. .# #.#
#.#.###.# .# #.#
#.....#.# .# #####.#
###.#.#.# .# #...#.#
####### #.#.#.#
.#######.....# #.....#
#.....#
...........######gg...#
#.....#
................bgg.(^#
#.#.#.#
........#.##.####.....#
#..#..# .#####.##.##.#
#..<..# #.###.# .#
#.##....# #######
#..#..# .# #.###.#.#
#.#.#.# .# #.###.#.#
######.....# .##
#.......# #........###
..# #####.#########
#.######## ..#
#.#.......# #.#


You could see 4 gnolls.

Vanquished Creatures
  Grinder (D:3)
  2 sky beasts (D:6)
  An ogre (D:6)
  A centaur (D:5)
  4 scorpions
  A bullfrog zombie (D:5)
  2 hounds
  4 orc wizards
  Crazy Yiuf (D:3)
  Terence (D:3)
  2 iguanas
  2 worker ants
  7 adders
  A shadow imp (D:5)
  2 white imps (D:6)
  An ufetubus (D:5)
  An ooze (D:2)
  5 worms
  2 dart slugs
  3 leopard geckos
  15 orcs
  9 bats
  4 giant cockroaches
  5 goblins
  6 hobgoblins
  8 jackals
  8 kobolds
  A quokka (D:2)
  8 frilled lizards
  A jackal skeleton (D:4)
  A jackal zombie (D:6)
  A leopard gecko skeleton (D:4)
  A leopard gecko zombie (D:5)
  7 rats
119 creatures vanquished.

Vanquished Creatures (others)
  2 fungi (D:3)
2 creatures vanquished.

Grand Total: 121 creatures vanquished

Notes
Turn   | Place    | Note
-------+----------+-------------------------------------------
     0 | D:1      | erker the Vampire Enchanter began the quest for the Orb.
     0 | D:1      | Reached XP level 1. HP: 13/13 MP: 3/3
   173 | D:1      | Reached skill level 5 in Stealth
   346 | D:1      | Reached XP level 2. HP: 11/19 MP: 3/5
   350 | D:1      | Learned a level 2 spell: Ensorcelled Hibernation
   521 | D:1      | Reached skill level 5 in Hexes
   654 | D:1      | Reached skill level 1 in Ice Magic
  1017 | D:2      | Reached XP level 3. HP: 24/24 MP: 3/6
  1028 | D:2      | Learned a level 3 spell: Confusing Touch
  1754 | D:2      | Found a burning altar of Makhleb.
  1864 | D:2      | Reached XP level 4. HP: 24/24 MP: 7/7
  2188 | D:2      | Found an opulent altar of Gozag.
  2301 | D:3      | Found an ornate altar of the Wu Jian Council.
  2374 | D:3      | Found a runed translucent door.
  2375 | D:3      | Noticed Crazy Yiuf
  2476 | D:3      | Noticed Grinder
  2714 | D:4      | Reached XP level 5. HP: 28/28 MP: 8/8
  2929 | D:4      | Found a hide-covered altar of Uskayaw.
  3664 | D:3      | Noticed Terence
  3668 | D:3      | Killed Terence
  3771 | D:3      | Found a glowing golden altar of the Shining One.
  3772 | D:3      | Found a sacrificial altar of Ru.
  4017 | D:3      | Reached skill level 1 in Fighting
  4017 | D:3      | Reached XP level 6. HP: 33/34 MP: 5/10
  4174 | D:3      | Found a shimmering altar of Xom.
  4770 | D:5      | Entered Level 5 of the Dungeon
  5433 | D:5      | Found a bloodstained altar of Trog.
  5501 | D:5      | Found a staircase to the Ecumenical Temple.
  6048 | Temple   | Entered the Ecumenical Temple
  6181 | Temple   | Became a worshipper of Dithmenos the Shadowed
  6310 | D:5      | Reached XP level 7. HP: 40/40 MP: 11/11
  6686 | D:3      | Killed Crazy Yiuf
  6787 | D:3      | Killed Grinder
  6788 | D:3      | Reached skill level 5 in Ice Magic
  7134 | D:6      | Reached skill level 5 in Short Blades
  7134 | D:6      | Reached XP level 8. HP: 44/44 MP: 12/12
  7419 | D:6      | Found a radiant altar of Vehumet.
  7510 | D:6      | HP: 1/46 [gnoll/+0 whip (9)]
  7512 | D:6      | Mangled by a gnoll

Illustrated notes

Levels and vault maps discovered:
D:1:      shiori_arrival_maze, layout_basic
D:2:      layout_rooms, marbit_many_paths, lemuel_round_altar
D:3:      layout_basic, general_overflow_altar, nicolae_overflow_crystal_walls,
          gammafunk_temple_overflow_pools, uniq_terence,
          uniq_crazy_yiuf_cottage, uniq_grinder
D:4:      layout_loops_cross, eat_drink_and_be_merry_uskayaw, nrook_mini_vaults
D:5:      layout_basic, lemuel_round_altar, minmay_temple_entry_offerings
D:6:      layout_loops_cross, fiery_altar_vehumet, dk_rats_in_the_wall
Temple:   nicolae_temple_figure_zero

Skill      XL: |  1  2  3  4  5  6  7  8 |
---------------+-------------------------+-----
Stealth        | 5 6 |  6.0
Hexes          | 5 6 |  6.0
Ice Magic      | 1 3 4 6 |  6.0
Short Blades   | 3 4 5 6 |  6.0
Spellcasting   | 3 |  3.0
Fighting       | 1 2 3 |  3.0
Dodging        | |  2.5

Action                   |  1- 3 |  4- 6 |  7- 9 || total
-------------------------+-------+-------+-------++-------
Melee: Dagger            |   125 |   240 |    30 ||   395
       Bite              |     5 |    21 |     1 ||    27
Throw: Javelin           |       |    10 |       ||    10
 Cast: Corona            |     6 |     1 |       ||     7
       Ensorcelled Hiber |    17 |    25 |     6 ||    48
       Confusing Touch   |     1 |    12 |     3 ||    16
 Abil: Exsanguinate      |     1 |       |       ||     1
       Bat Form          |       |       |     1 ||     1
  Use: Scroll            |       |     1 |       ||     1
       Potion            |       |       |     1 ||     1
 Stab: Sleeping          |    26 |    25 |    16 ||    67
       Confused          |       |    10 |     3 ||    13
Armor: Robe              |    24 |    57 |       ||    81
Dodge: Dodged            |    71 |   142 |     7 ||   220
